 Dungeon Crawl Stone Soup version 0.23-a0-370-gf497b7c (webtiles) character file.

7529 MisterFreud the Cleaver (level 10, -4/121 HPs)
             Began as a Deep Dwarf Fighter on Oct 24, 2018.
             Was a Believer of Makhleb.
             Slain by an orc warrior
             ... wielding a +0 battleaxe
              (11 damage)
             ... on level 10 of the Dungeon.
             The game lasted 00:27:32 (7744 turns).

MisterFreud the Cleaver (Deep Dwarf Fighter)        Turns: 7744, Time: 00:27:32

Health: -4/121     AC: 25    Str: 23    XL:     10   Next: 96%
Magic:  0/0        EV:  2    Int:  9    God:    Makhleb [**....]
Gold:   615        SH: 13    Dex: 12    Spells: 9/9 levels left

rFire    . . .     SeeInvis .   a - +1 war axe
rCold    . . .     Gourm    .   c - +1 shield
rNeg     + + +     Faith    .   (armour currently unavailable)
rPois    +         Spirit   .   (helmet currently unavailable)
rElec    .         Reflect  .   (cloak currently unavailable)
rCorr    .         Harm     .   (gloves currently unavailable)
MR       ++...     NoTele   +   (boots currently unavailable)
Stlth    +.........             I - amulet of rage
HPRegen  0.00/turn              s - ring of poison resistance
MPRegen  0.07/turn              x - ring of protection from magic

@: tree-form, non-regenerating
A: damage resistance, heal wounds, sense surroundings 2, no regeneration
a: Heal Wounds, Minor Destruction, Renounce Religion, Evoke Berserk Rage


You were on level 10 of the Dungeon.
You worshipped Makhleb.
Makhleb was pleased with you.
You were hungry.
You were a tree.
You visited 2 branches of the dungeon, and saw 11 of its levels.

You collected 867 gold pieces.
You spent 252 gold pieces at shops.

Inventory:

Hand Weapons
 a - a +1 war axe (weapon)
Missiles
 h - 59 bolts
 p - 58 sling bullets
 v - 110 stones (quivered)
 z - a throwing net
Armour
 c - a +1 shield (worn)
 e - a +0 chain mail (melded)
 C - a scarf of resistance (melded)
Jewellery
 i - an uncursed amulet of guardian spirit
 m - an uncursed ring of stealth
 s - a ring of poison resistance (left branch)
 x - a ring of protection from magic (right branch)
 B - an uncursed ring of stealth
 D - an uncursed ring of see invisible
 I - an amulet of rage (around neck)
Wands
 b - a wand of polymorph (19)
 E - a wand of iceblast (6)
 G - a wand of flame (13)
Scrolls
 j - 3 scrolls of blinking
 k - 2 scrolls of remove curse
 o - a scroll of fog
 q - 2 scrolls of enchant armour
 r - 2 scrolls of teleportation
 y - 3 scrolls of immolation
 F - a scroll of identify
Potions
 d - 3 potions of might
 l - 5 potions of haste
 t - 3 potions of curing
 u - a potion of agility
 w - a potion of flight
Comestibles
 f - 19 rations
 A - a chunk of flesh


   Skills:
 - Level 2.6 Fighting
 + Level 12.7 Axes
 - Level 10.0 Armour
 - Level 10.0 Shields


You had 9 spell levels left.
You didn't know any spells.
Your spell library contained the following spells:

 Spells                   Type           Power        Failure   Level  Hunger
 Animate Skeleton         Necr           N/A          61%         1    ##.....
 Apportation              Tloc           #.....       61%         1    ##.....
 Beastly Appendage        Tmut           #.....       61%         1    ##.....
 Confusing Touch          Hex            #.....       61%         1    ##.....
 Shock                    Conj/Air       #...         61%         1    ##.....
 Summon Small Mammal      Summ           #...         61%         1    ##.....
 Sticks to Snakes         Tmut           #.......     75%         2    ###....
 Swiftness                Chrm/Air       #.......     75%         2    ###....
 Confuse                  Hex            #.......     93%         3    ####...
 Gell's Gravitas          Tloc           #.........   93%         3    ####...
 Spider Form              Tmut/Pois      #.........   93%         3    ####...
 Static Discharge         Conj/Air       #.......     93%         3    ####...
 Airstrike                Air            #.........   100%        4    #####..
 Ice Form                 Ice/Tmut       #.......     100%        4    #####..
 Petrify                  Tmut/Erth      #.......     100%        4    #####..
 Blade Hands              Tmut           #.........   100%        5    ######.
 Lightning Bolt           Conj/Air       #.........   100%        5    ######.
 Metabolic Englaciation   Hex/Ice        #.........   100%        5    ######.
 Yara's Violent Unravell  Hex/Tmut       #.........   100%        5    ######.


Dungeon Overview and Level Annotations

Branches:
Dungeon (10/15)            Temple (1/1) D:7
   Lair: D:8-11         Orc: D:9-12

Altars:
Ashenzari
Cheibriados
Dithmenos
Elyvilon
Fedhas
Gozag
Hepliaklqana
Kikubaaqudgha
Makhleb
Nemelex Xobeh
Okawaru
Qazlal
Ru
Sif Muna
Trog
Uskayaw
Vehumet
Wu Jian
Xom
Yredelemnul
Zin
The Shining One

Shops:
D:7 *   D:9 *(

Annotations:
D:3 2 transporters
D:10 Harold


Innate Abilities, Weirdness & Mutations

You are resistant to damage.
You can heal yourself by infusing magical energy.
You passively map the area around you.
You do not regenerate.


Message History

The troll zombie claws you but does no damage. x2
The warg bites you!
* * * LOW HITPOINT WARNING * * *
You feel better. You block the warg's attack.
The orc warrior hits you with a +0 battleaxe!
* * * LOW HITPOINT WARNING * * *
You block the troll zombie's attack. The troll zombie claws you.
The troll zombie claws you but does no damage.
You turn into a tree.
Your scarf of resistance melds into your body.
Your +0 chain mail melds into your body.
You feel hot and cold all over.
Your roots penetrate the ground.
You block the warg's attack.
The orc priest invokes the aid of Beogh against you.
Beogh smites you!
* * * LOW HITPOINT WARNING * * *
An ogre zombie comes into view.
The orc warrior curses loudly.
The orc warrior hits you with a +0 battleaxe!
You die...

##..## #.# #.##.## #.# * ,
..##..## #.# ####.. ,
.####..### ##.###...... *
,
.........######.........#*
............#.........###
* .....###........#....##
^..### ##......†)##...# *
...## #.....Zo♣# #y§.# * *
....# #.......hZ#**##..#**
....# #...#.....oZ# #..! ,
, .........###......# #.F
* #.......# #......# * * ,
........ #...Z...* * ,
..... #..#....,* * * *
..... , *#..Z####., * ,
....., 8 , , , , * *


You could see a warg, an orc warrior, an orc priest, a goblin zombie, an orc
zombie, 2 ogre zombies and a troll zombie.

Vanquished Creatures
  A two-headed ogre (D:9)
  A troll (D:9)
  4 hippogriffs
  A hungry ghost (D:7)
  A warg (D:10)
  7 orc warriors
  2 black bears (D:9)
  3 sky beasts
  4 ice beasts
  4 ogres
  3 phantoms
  A necrophage (D:9)
  2 centaurs
  2 big kobolds
  3 bullfrogs
  A wyvern skeleton (D:6)
  2 scorpions (D:8)
  23 killer bees
  4 wights
  A centaur zombie (D:6)
  4 crimson imps
  A hound (D:6)
  A jelly (D:10)
  11 orc priests
  14 orc wizards
  2 iguanas
  17 worker ants
  An ogre zombie (D:10)
  A hound zombie (D:6)
  2 worker ant zombies
  5 adders
  4 gnolls (D:9)
  4 shadow imps
  2 oozes
  2 worms
  2 dart slugs
  3 leopard geckos
  31 orcs
  4 bats
  7 giant cockroaches
  4 goblins
  11 hobgoblins
  10 jackals
  2 quokkas
  A ball python (D:7)
  4 frilled lizards
  2 goblin zombies (D:10)
  14 kobolds
  2 leopard gecko skeletons
  2 orc skeletons (D:10)
  3 orc zombies (D:10)
  A quokka zombie (D:7)
  3 rats
247 creatures vanquished.

Notes
Turn   | Place    | Note
-------+----------+-------------------------------------------
     0 | D:1      | MisterFreud the Deep Dwarf Fighter began the quest for the
                  | Orb.
     0 | D:1      | Reached XP level 1. HP: 20/20 MP: 1/1
    30 | D:1      | Reached skill level 3 in Axes
    32 | D:1      | Reached XP level 2. HP: 24/27 MP: 2/2
   210 | D:1      | Reached XP level 3. HP: 21/33 MP: 3/3
   218 | D:1      | Reached skill level 4 in Axes
  1265 | D:3      | Found a transporter.
  1291 | D:3      | Reached XP level 4. HP: 30/40 MP: 0/4
  1378 | D:3      | Found a transporter.
  1521 | D:4      | Reached skill level 5 in Axes
  1632 | D:4      | Reached XP level 5. HP: 44/46 MP: 0/5
  1720 | D:4      | Noticed a phantom
  1734 | D:4      | Killed a phantom
  1734 | D:4      | Reached skill level 6 in Axes
  1897 | D:4      | Found a glowing golden altar of the Shining One.
  2343 | D:5      | Entered Level 5 of the Dungeon
  2365 | D:5      | Noticed a centaur
  2379 | D:5      | Reached skill level 7 in Axes
  2379 | D:5      | Reached XP level 6. HP: 46/55 MP: 0/6
  2414 | D:5      | Reached skill level 8 in Axes
  2531 | D:5      | Reached XP level 7. HP: 32/61 MP: 0/7
  2630 | D:5      | Reached skill level 5 in Armour
  3340 | D:6      | Reached skill level 5 in Shields
  3340 | D:6      | Reached XP level 8. HP: 58/68 MP: 0/6
  3923 | D:6      | Found a hide-covered altar of Uskayaw.
  4175 | D:7      | Reached skill level 9 in Axes
  4242 | D:7      | Gained mutation: You passively map the area around you.
                  | [Deep Dwarf growth]
  4242 | D:7      | Reached XP level 9. HP: 50/74 MP: 0/7
  4444 | D:7      | Found a staircase to the Ecumenical Temple.
  4451 | Temple   | Entered the Ecumenical Temple
  4673 | D:7      | HP: 2/74 [ogre/+0 giant spiked club (15)]
  4753 | D:7      | Reached skill level 10 in Axes
  4836 | D:7      | Found Patoubre's Assorted Antiques.
  5195 | D:8      | Found a basalt altar of Yredelemnul.
  6098 | D:8      | Found a burning altar of Makhleb.
  6100 | D:8      | Found a glowing silver altar of Zin.
  6101 | D:8      | Noticed an angel
  6101 | D:8      | Noticed an Executioner
  6104 | D:8      | Became a worshipper of Makhleb the Destroyer
  6269 | D:8      | Reached XP level 10. HP: 37/81 MP: 0/5
  6492 | D:9      | Found a stormy altar of Qazlal.
  6517 | D:9      | Found Reacvys's Assorted Antiques.
  6522 | D:9      | Bought a scroll labeled XUOCOO ALOU for 28 gold pieces
  6522 | D:9      | Bought a scroll labeled MITOOL RAEQOS for 28 gold pieces
  6522 | D:9      | Bought a scroll of identify for 56 gold pieces
  6522 | D:9      | Bought a triangular beryl amulet for 140 gold pieces
  6541 | D:9      | Found Uneak's Antique Weapon Shoppe.
  6617 | D:9      | Reached skill level 11 in Axes
  6868 | D:9      | Noticed a two-headed ogre
  6881 | D:9      | Killed a two-headed ogre
  6981 | D:9      | Reached skill level 10 in Shields
  6992 | D:9      | Found a shadowy altar of Dithmenos.
  7018 | D:9      | Reached * piety under Makhleb
  7018 | D:9      | Reached skill level 10 in Armour
  7291 | D:9      | Found a deep blue altar of Sif Muna.
  7382 | D:9      | Reached skill level 12 in Axes
  7427 | D:10     | Entered Level 10 of the Dungeon
  7463 | D:10     | Noticed Harold
  7721 | D:10     | Reached ** piety under Makhleb
  7737 | D:10     | HP: 4/81 [orc warrior/+0 battleaxe (19)]
  7744 | D:10     | Slain by an orc warrior

Vault maps used:
D:1:      zelgadis_glass_arrival_small, chequers_hall_statues_wall_a
D:2:      first_ration, chequers_serial_rivers_micro_d
D:3:      gammafunk_wand_slinger
D:4:      st_stairs_12, tso_altar
D:6:      eat_drink_and_be_merry_uskayaw
D:7:      minmay_temple_entry_junction, serial_shops, nicolae_shop_stone
D:8:      grunt_temple_overflow_order_and_chaos_2,
          nicolae_overflow_crystal_walls
D:9:      minmay_goldmine, lemuel_coloured_pillars_altar, lemuel_blue_sif_altar,
          kennysheep_mini, serial_shops, kennysheep_mini_moat,
          nicolae_shop_behind_doors, blue_anna_alchemist
D:10:     erik_lair_orcish_takeover, zombieorc2_lemuel, zaba_antful_of_joy,
          uniq_erolcha, uniq_harold
Temple:   eino_narrow_crystal_temple

Skill      XL: |  1  2  3  4  5  6  7  8  9 10 |
---------------+-------------------------------+-----
Axes           | 3 4 5 7 8 9 10 12 | 12.7
Armour         | 4 6 7 9 10 | 10.0
Shields        | 5 7 9 10 | 10.0
Fighting       | |  2.6

Action                   |  1- 3 |  4- 6 |  7- 9 | 10-12 || total
-------------------------+-------+-------+-------+-------++-------
Melee: War axe           |   139 |   122 |   511 |   301 ||  1073
 Abil: Heal Wounds       |     1 |     1 |    17 |     7 ||    26
       Evoke Berserk Rag |       |       |       |     1 ||     1
Evoke: Wand              |       |       |       |     4 ||     4
  Use: Scroll            |     7 |       |     4 |     9 ||    20
       Potion            |       |     1 |     4 |     4 ||     9
  Eat: Chunk             |     1 |     2 |    13 |     1 ||    17
       Ration            |       |     1 |     1 |     1 ||     3
Armor: Scale mail        |    31 |       |       |       ||    31
       Chain mail        |    12 |    56 |   166 |    92 ||   326
       Skin              |       |       |    99 |    82 ||   181
Dodge: Dodged            |    56 |    24 |    93 |    73 ||   246
Block: Shield            |    78 |    48 |   337 |   233 ||   696

Table legend:
 A = Non-vault XP
 B = Vault XP
 C = Vault XP percentage of total XP
 D = Non-vault monster count
 E = Vault monster count
 F = Vault count percentage of total count
                 A         B        C        D         E       F
            +---------+---------+-------+---------+---------+-------
      Total |    9925 |     832 |   7.7 |     223 |      24 |   9.7
            +---------+---------+-------+---------+---------+-------
        D:1 |      51 |       0 |   0.0 |      24 |       0 |   0.0
        D:2 |      31 |       0 |   0.0 |      13 |       0 |   0.0
        D:3 |      30 |       0 |   0.0 |       9 |       0 |   0.0
        D:4 |     246 |       1 |   0.4 |       8 |       1 |  11.1
        D:5 |     862 |       0 |   0.0 |      33 |       0 |   0.0
        D:6 |     972 |       0 |   0.0 |      21 |       0 |   0.0
        D:7 |    2149 |       0 |   0.0 |      44 |       0 |   0.0
        D:8 |    1378 |       0 |   0.0 |      25 |       0 |   0.0
        D:9 |    3202 |     553 |  14.7 |      31 |      12 |  27.9
       D:10 |     967 |     278 |  22.3 |      14 |      11 |  44.0
     Temple |      37 |       0 |   0.0 |       1 |       0 |   0.0
            +---------+---------+-------+---------+---------+-------
